 Dungeon Crawl Stone Soup version 0.19.0-19-g8c6edcc (webtiles) character file.

63 vev the Ducker (level 3, 0/28 HPs)
             Began as a Demonspawn Fire Elementalist on Nov 14, 2016.
             Slain by Sigmund
             ... wielding a +0 scythe
              (4 damage)
             ... on level 2 of the Dungeon.
             The game lasted 00:02:58 (1880 turns).

vev the Ducker (Demonspawn Fire Elementalist)       Turns: 1880, Time: 00:02:59

Health: 0/28       AC: 12    Str:  9    XL:     3   Next: 89%
Magic:  6/6        EV: 11    Int: 16    God:
Gold:   119        SH:  0    Dex: 13    Spells: 1 memorised, 5 levels left

rFire  + . .     SeeInvis .     e - +0 whip
rCold  + . .     Gourm    .     i - +0 ring mail
rNeg   . . .     Faith    .     (no shield)
rPois  +         Spirit   .     (no helmet)
rElec  +         Reflect  .     (no cloak)
rCorr  +         Harm     .     (no gloves)
MR     .....                    g - +0 pair of boots
Stlth  +.........               (no amulet)
                                (no ring)
                                (no ring)

@: resistant, sanguine armour, very slightly contaminated, hasted, very quick
A: sanguine armour 1
a: no special abilities


You were on level 2 of the Dungeon.
You were not hungry.

You visited 1 branch of the dungeon, and saw 2 of its levels.

You collected 119 gold pieces.

Inventory:

Hand Weapons
 e - a +0 whip (weapon)
Missiles
 q - a throwing net (quivered)
Armour
 a - a +0 robe
 f - a +0 leather armour
 g - a +0 pair of boots (worn)
 i - a +0 ring mail (worn)
 j - a +0 shield
Scrolls
 h - a scroll of immolation {unknown}
 l - a scroll of blinking {unknown}
 p - a scroll of identify {unknown}
 r - a scroll of magic mapping {unknown}
 s - a scroll of amnesia {unknown}
 t - a scroll of enchant armour {unknown}
 w - a scroll of teleportation {unknown}
Potions
 o - a potion of curing {unknown}
Books
 b - a book of Flames

   Spells                             Type                      Level
   a - Flame Tongue                   Conjuration/Fire             1
   b - Throw Flame                    Conjuration/Fire             2
   c - Conjure Flame                  Conjuration/Fire             3
   d - Inner Flame                    Hexes/Fire                   3
   e - Sticky Flame                   Conjuration/Fire             4
   f - Fireball                       Conjuration/Fire             5
Comestibles
 c - 3 bread rations
 d - 2 beef jerkies
 k - 6 fruits
 u - a royal jelly
 v - 2 chunks of flesh


   Skills:
 + Level 2.3 Fighting
 + Level 3.0 Dodging
 - Level 1.7 Stealth
 - Level 2.0 Spellcasting
 - Level 1.0 Conjurations
 - Level 2.6 Fire Magic


You had 5 spell levels left.
You knew the following spells:

 Your Spells              Type           Power        Failure   Level  Hunger
a - Flame Tongue          Conj/Fire      #....        30%         1    #......


Dungeon Overview and Level Annotations

Branches:
Dungeon (2/15)

Altars:
Gozag

Annotations:
D:2 Sigmund


Innate Abilities, Weirdness & Mutations

When seriously injured, your bleeding wounds create armour. (AC +6)


Message History

You bump into the rock wall.
Something hits you.
Your blood congeals into armour.
You closely miss something. You completely miss something.
You hear some strange, mumbled words.
A puff of flame appears from out of thin air!
The puff of flame hits you!
You completely miss something. Something hits you but does no damage.
You closely miss something. Something hits you.
You miss something. You hit something but do no damage.
Something hits you but does no damage.
You feel less confused.
You closely miss something. Something hits you!
* * * LOW HITPOINT WARNING * * *
You closely miss something.
It was a potion of resistance.
You feel protected. Something hits you.
You die...

.......###....####..#
#<#.. ...........####
##.# #.##.
........#### #.##
##.##. ..........#
#..# #.....
........#.#######
##.###.....
..$.............#
#...#.....
.###..##?#......#
###...#### ....
#........# ##.รท#
..... ###.{@...# #..#
..... #......# ####
... #......# #......#
#...$..# #......#
########


There were no monsters in sight!

Vanquished Creatures
  2 adders
  A dart slug (D:1)
  A leopard gecko (D:1)
  2 giant cockroaches (D:1)
  4 hobgoblins
  3 jackals (D:1)
  6 kobolds
  A ball python (D:1)
  6 bats (D:1)
  2 frilled lizards (D:1)
  7 goblins
  7 rats
42 creatures vanquished.

Notes
Turn   | Place    | Note
-------+----------+-------------------------------------------
     0 | D:1      | vev the Demonspawn Fire Elementalist began the quest for the Orb.
     0 | D:1      | Reached XP level 1. HP: 13/13 MP: 3/3
    49 | D:1      | Reached skill level 2 in Dodging
   322 | D:1      | Reached skill level 1 in Fighting
   348 | D:1      | Gained mutation: When seriously injured, your bleeding wounds create armour. (AC +6) [demonic ancestry]
   348 | D:1      | Reached XP level 2. HP: 18/21 MP: 0/5
   972 | D:1      | Reached XP level 3. HP: 27/27 MP: 6/6
  1491 | D:1      | Reached skill level 2 in Fighting
  1582 | D:2      | Found an opulent altar of Gozag.
  1641 | D:2      | Reached skill level 3 in Dodging
  1840 | D:2      | Noticed Sigmund
  1880 | D:2      | Slain by Sigmund

Skill      XL: |  1  2  3 |
---------------+----------+-----
Dodging        | 2 3 |  3.0
Fighting       | 1 2 |  2.3
Stealth        | |  1.7
Spellcasting   | |  2.0
Conjurations   | |  1.0
Fire Magic     | |  2.6

Action                   || total
-------------------------++-------
Melee: Unarmed           ||    22
       Whip              ||   162
 Cast: Flame Tongue      ||    21
  Use: Potion            ||     2
  Eat: Chunk             ||     4
Armor: Robe              ||     6
       Ring mail         ||    78
Dodge: Dodged            ||   143
